 Dungeon Crawl Stone Soup version bcrawl-1.14 (webtiles) character file.

Game seed: 5069153486819253928

18 cirnu the Slasher (level 2, 0/24 HPs)
             Began as a Demonspawn Chaos Knight on Sept 13, 2019.
             Was a Plaything of Xom.
             Slain by an ogre (shapeshifter) (3 damage)
             ... on level 2 of the Dungeon.
             The game lasted 00:02:08 (807 turns).

cirnu the Slasher (Demonspawn Chaos Knight)          Turns: 807, Time: 00:02:09

Health: 0/24       AC:  5    Str: 12    XL:     2   Next: 48%
Magic:  2/2        EV: 11    Int: 13    God:    Xom [.*....]
Gold:   30         SH:  1    Dex: 12    Spells: 1/1 levels left

rFire    . . .     SeeInvis .   a - +0 falchion (chaos)
rCold    . . .     Gourm    .   (no shield)
rNeg     . . .     Faith    .   b - +2 leather armour
rPois    .         Spirit   .   (no helmet)
rElec    .         Reflect  .   (no cloak)
rCorr    .         Harm     .   (no gloves)
MR       .....                  (no boots)
Stlth    ..........             g - amulet of rage
HPRegen  0.08/turn              h - ring of attention (curse)
MPRegen  0.08/turn              (no ring)

@: no status effects
A: demonic guardian 1
a: Renounce Religion, Evoke Berserk Rage


You were on level 2 of the Dungeon.
You worshipped Xom.
You were a plaything of Xom.
You were not hungry.

You visited 1 branch of the dungeon, and saw 2 of its levels.

You collected 30 gold pieces.

Inventory:

Hand Weapons
 a - a +0 falchion of chaos (weapon)
Armour
 b - a +2 leather armour (worn)
Jewellery
 g - an amulet of rage (around neck)
 h - a cursed ring of attention (left hand)
Potions
 d - 2 potions of haste {unknown}
 e - 2 potions of curing {unknown}
 f - a potion of degeneration {unknown}
 i - a potion of mutation {unknown}
Comestibles
 c - 6 rations {!d}


   Skills:
 + Level 3.2 Fighting
 + Level 3.2 Long Blades
 + Level 1.9 Armour
 + Level 1.0 Dodging


You had one spell level left.
You didn't know any spells.
Your spell library was empty.

Dungeon Overview and Level Annotations

Branches:
Dungeon (2/12)

Altars:
Hepliaklqana
Kikubaaqudgha


Innate Abilities, Weirdness & Mutations

A weak demonic guardian rushes to your aid.


Message History

You hear a crackling sound.
The quokka is almost dead.
The ogre hits you. The quokka closely misses you.
You hit the quokka but do no damage.
The quokka is almost dead.
Your white imp disappears in a puff of smoke!
The ogre hits you!
* * * LOW HITPOINT WARNING * * *
The quokka bites you.
* * * LOW HITPOINT WARNING * * *
The quokka bites the ogre.
Your shadow imp hits the ogre.
Your white imp hits the ogre.
Your white imp freezes the ogre.
Your white imp hits the quokka.
The quokka dies!
Your shadow imp hits the ogre.
You hit the ogre. You burn the ogre.
The ogre is almost dead.
The ogre hits you.
You die... "This toy is broken."

# #..### #. #.... .
...#. #.#!..# #
#.#.#.# .(.
#.§5#.#..###
###5.§...... ..
##O##...... #.# #§@#
...## #.# ####§## .##
####.# #####....##.. #
#....# #..............
#....#####............
#....#.....####..#####
.....#.###....#..#
.###.#.# ..##.#..# ##
#.#.#....# #..#


You could see an ogre shaped shifter, a friendly white imp and a friendly shadow
imp.

Vanquished Creatures
  A dart slug (D:2)
  A leopard gecko (D:1)
  A bat (D:1)
  A giant cockroach (D:1)
  A hobgoblin (D:2)
  9 frilled lizards (D:1)
  2 rats
  2 plants (D:1)
18 creatures vanquished.

Vanquished Creatures (collateral kills)
  A quokka (D:2)
1 creature vanquished.

Grand Total: 19 creatures vanquished

Notes
Turn   | Place    | Note
-------+----------+-------------------------------------------
     0 | D:1      | cirnu the Demonspawn Chaos Knight began the quest for the
                  | Orb.
     0 | D:1      | Reached XP level 1. HP: 18/18 MP: 1/1
   186 | D:1      | Reached skill level 1 in Dodging
   190 | D:1      | XOM: divination: detect items
   199 | D:1      | Gained mutation: A weak demonic guardian rushes to your
                  | aid. [demonic ancestry]
   199 | D:1      | Reached XP level 2. HP: 9/24 MP: 2/2
   250 | D:1      | XOM: harmless Erth miscast
   436 | D:1      | XOM: harmless Tloc miscast
   561 | D:1      | XOM: divination: detect items
   716 | D:2      | Found a hazy altar of Hepliaklqana.
   770 | D:2      | Found an ancient bone altar of Kikubaaqudgha.
   794 | D:2      | Noticed a sky beast
   794 | D:2      | a worm changed into a sky beast
   794 | D:2      | XOM: fog
   798 | D:2      | Noticed an ogre
   798 | D:2      | a sky beast changed into an ogre
   802 | D:2      | XOM: silly message
   807 | D:2      | Slain by an ogre (shapeshifter)

Skill      XL: |  1 |
---------------+----+-----
Long Blades    | 3 |  3.2
Dodging        | 1 |  1.0
Fighting       | |  3.2
Armour         | |  1.9

Action                   || total
-------------------------++-------
Melee: Falchion          ||   100
  Use: Scroll            ||     2
 Stab: Paralysed         ||     1
Armor: Leather armour    ||    41
Dodge: Dodged            ||    48
Block: Other             ||     1
